 Dungeon Crawl Stone Soup version 0.30.0-13-g156ef70053 (webtiles) character file.

Game seed: 15583339808601664386

8129 GigaChad the Cleaver (level 11, -4/98 HPs)
             Began as an Armataur Fighter on May 17, 2023.
             Was an Initiate of Gozag.
             Slain by an efreet
             ... wielding a +2 scimitar of flaming
              (6 damage)
             ... on level 9 of the Dungeon.
             The game lasted 00:10:44 (8421 turns).

GigaChad the Cleaver (Armataur Fighter)             Turns: 8421, Time: 00:10:45

Health: -4/98      AC: 13    Str: 36    XL:     11   Next: 5%
Magic:  11/11      EV: 12    Int: 11    God:    Gozag
Gold:   895        SH:  7    Dex: 11    Spells: 10/10 levels left

rFire   . . .        r - +0 broad axe (elec)
rCold   + . .        C - +2 buckler "Ziveny" {Harm Str+5 Int+3 Stlth-}
rNeg    . . .        e - +1 chain mail {rC+}
rPois   +            (no helmet)
rElec   +            x - +0 cloak
rCorr   .            (no gloves)
SInv    .            (no barding)
Will    .....        (no amulet) Stlth
                     k - ring of Koroulogh {rElec rPois Str+6 Slay+2 Stlth+}
HPRegen 0.36/turn    p - +5 ring of evasion
MPRegen 0.12/turn

%: harm (+30% outgoing, +20% incoming), roll
@: no status effects
A: large, rugged brown scales 3, deformed body, armoured tail, roll, long
tongue, awkward tongue
a: Renounce Religion, Potion Petition, Call Merchant, Bribe Branch


You were on level 9 of the Dungeon.
You worshipped Gozag.
Gozag was pleased with you.
You visited 2 branches of the dungeon, and saw 10 of its levels.

You collected 998 gold pieces.
You paid 103 gold pieces to Gozag.

Inventory:

Hand Weapons
 a - a +1 war axe of protection
 j - a +0 great sword
 q - a +3 battleaxe
 r - a +0 broad axe of electrocution (weapon)
 w - a +3 quarterstaff of chaos
Armour
 b - a +0 scale mail
 c - a +0 buckler
 e - a +1 chain mail of cold resistance (worn)
 h - a +0 kite shield
 m - a +0 chain mail
 x - a +0 cloak (worn)
 y - +0 steam dragon scales
 C - the +2 buckler "Ziveny" (worn) {Harm Str+5 Int+3 Stlth-}
   (You found it on level 7 of the Dungeon)

   Str:       It affects your strength (+5).
   Int:       It affects your intelligence (+3).
   Harm:      It increases damage dealt and taken.
   Stlth:     It makes you less stealthy.
Jewellery
 k - the ring of Koroulogh (left hand) {rElec rPois Str+6 Slay+2 Stlth+}
   (You acquired it on level 3 of the Dungeon)

   [ring of strength]

   Str:       It affects your strength (+6).
   Slay:      It affects your accuracy & damage with ranged weapons and melee
   (+2).
   rElec:     It insulates you from electricity.
   rPois:     It protects you from poison.
   Stlth:     It makes you more stealthy.
 p - a +5 ring of evasion (right hand)
 z - a ring of protection from cold
Wands
 l - a wand of flame (67)
 A - a wand of quicksilver (14)
Scrolls
 i - a scroll of identify
 s - a scroll of immolation
 u - a scroll of magic mapping
 F - a scroll of fear
 G - a scroll of enchant armour
 H - a scroll of teleportation
Potions
 d - 4 potions of might
 f - 2 potions of resistance
 g - 2 potions of haste
 n - 2 potions of curing
 o - 2 potions of ambrosia
 t - 2 potions of heal wounds
 v - a potion of lignification {unknown}
 B - 2 potions of berserk rage {unknown}
 D - 8 potions of degeneration
 E - 2 potions of attraction {unknown}


   Skills:
 * Level 7.0 Fighting
 * Level 10.5 Axes
 * Level 9.9 Armour
 * Level 7.1 Shields


You had 10 spell levels left.
You didn't know any spells.
Your spell library contained the following spells:

 Spells                   Type           Power      Damage    Failure   Level
 Necrotise                Necr           0%         1d4       71%         1
 Sandblast                Erth           0%         2d4       71%         1
 Blink                    Tloc           0%         N/A       85%         2
 Lesser Beckoning         Tloc           0%         N/A       85%         2
 Momentum Strike          Conj/Tloc      0%         3d8       85%         2
 Passwall                 Tmut/Erth      0%         N/A       85%         2
 Stone Arrow              Conj/Erth      0%         3d7       97%         3
 Vampiric Draining        Necr           0%         2d6       97%         3
 Summon Lightning Spire   Summ/Air       0%         N/A       100%        4
 Agony                    Necr           0%         N/A       100%        5
 Blade Hands              Tmut           0%         N/A       100%        5
 Storm Form               Tmut/Air       0%         N/A       100%        7
 Maxwell's Capacitive Co  Air            0%         ∞         100%        8


Dungeon Overview and Level Annotations

Branches:
Dungeon (9/15)             Temple (1/1) D:7
   Lair: D:8-11         Orc: D:9-12

Altars:
Ashenzari
Cheibriados
Dithmenos
Elyvilon
Gozag
Hepliaklqana
Kikubaaqudgha
Makhleb
Nemelex Xobeh
Okawaru
Qazlal
Ru
Sif Muna
Trog
Vehumet
Wu Jian
Xom
Yredelemnul
The Shining One

Shops:
D:1 ?


Innate Abilities, Weirdness & Mutations

You are completely covered in rugged brown scales. (AC +3, +7% HP)
Armour fits poorly on your strangely shaped body.
You have a long armoured tail.
You roll when moving toward enemies. (Rampage)
Your long tongue fully drains potion bottles. (2x potion effects)
Your tongue gives you trouble enunciating. (1.5x scroll delay)


Message History

The efreet hits you with a +2 scimitar of flaming!
The efreet burns you.
You barely miss the efreet.
The efreet is moderately wounded.
The efreet hits you with a +2 scimitar of flaming!
The efreet burns you.
Unknown command.
You are too injured to fight recklessly!
Unknown command.
You are too injured to fight recklessly!
Unknown command.
Unknown command.
You are too injured to fight recklessly!
You roll towards the steam dragon!
The steam dragon breathes steam at you. The ball of steam hits you!
* * * LOW HITPOINT WARNING * * *
The efreet hits you with a +2 scimitar of flaming.
* * * LOW HITPOINT WARNING * * *
The efreet burns you.
* * * LOW HITPOINT WARNING * * *
Unknown command.
You closely miss the steam dragon.
The steam dragon is lightly wounded.
You slash the efreet!
You are engulfed in a cloud of scalding steam.
* * * LOW HITPOINT WARNING * * *
The efreet completely misses you. You block the steam dragon's attack.
The steam dragon completely misses you.
Unknown command.
You closely miss the steam dragon.
The steam dragon is lightly wounded.
You barely miss the efreet.
You are engulfed in a cloud of scalding steam.
You block the steam dragon's attack. The steam dragon closely misses you.
The efreet hits you with a +2 scimitar of flaming!
* * * LOW HITPOINT WARNING * * *
The efreet burns you.
You die...
Your body crumbles into a pile of gold.

......................#
##########..########### #..# P#
#..# .~.# #..# .~~# #))# ##+#..~#
##########))#############.....~#.
........).).§§........##........#
#############.§§@D....#.........#
#.§R............# #.#
#.........##....# #..
#.[.......###...###.. #.........#
#........ #.........# ##.......
#.........# #....... #....######
+....... ###..# ##......


You could see an efreet and a steam dragon (catching breath).

Vanquished Creatures
  A two-headed ogre (D:9)
  Maurice (D:8)
  Maggie (D:7)
  A hornet (D:9)
  A wyvern (D:9)
  A wraith (D:7)
  A steam dragon (D:8)
  15 yaks
  Edmund (D:4)
  A black bear (D:7)
  3 ice beasts
  2 orc warriors
  2 ogres
  2 centaurs
  5 phantoms
  5 kobold brigands
  3 bullfrogs
  2 gnoll sergeants
  2 scorpions
  12 wights
  A water moccasin skeleton (D:5)
  4 killer bees (D:9)
  3 howler monkeys
  3 jellies
  3 orc priests
  3 hounds (D:6)
  Crazy Yiuf (D:6)
  Jessica (D:2)
  3 iguanas
  Natasha (thrice) (D:2)
  10 orc wizards
  A centaur simulacrum (D:5)
  A scorpion simulacrum (D:5)
  12 gnolls
  A howler monkey skeleton (D:5)
  10 adders
  2 shadow imps (D:5)
  A white imp (D:7)
  An ufetubus (D:6)
  2 worms
  4 dart slugs
  36 orcs
  6 endoplasms
  2 giant cockroaches
  8 goblins
  11 hobgoblins
  24 kobolds
  2 quokkas
  5 ball pythons
  2 bats
  5 frilled lizards
  3 rats
236 creatures vanquished.

Notes
Turn   | Place    | Note
-------+----------+-------------------------------------------
     0 | D:1      | GigaChad the Armataur Fighter began the quest for the Orb.
     0 | D:1      | Reached XP level 1. HP: 19/19 MP: 1/1
   124 | D:1      | Reached XP level 2. HP: 26/26 MP: 2/2
   206 | D:1      | Found Faippues's Magic Scroll Shop.
   245 | D:1      | Got the Grimoire of Transition
   272 | D:1      | Reached XP level 3. HP: 33/33 MP: 3/3
   364 | D:1      | Found a faded altar of an unknown god.
   510 | D:2      | Noticed Jessica
   516 | D:2      | Killed Jessica
   517 | D:2      | Reached skill level 2 in Axes
   568 | D:2      | Reached XP level 4. HP: 39/40 MP: 4/4
   693 | D:2      | Noticed Natasha
   704 | D:2      | Killed Natasha
   753 | D:2      | Noticed Natasha
   760 | D:2      | Killed Natasha
   769 | D:2      | Noticed Natasha
   782 | D:2      | Killed Natasha
   783 | D:2      | Reached XP level 5. HP: 9/48 MP: 5/5
  1284 | D:3      | Reached skill level 3 in Axes
  1284 | D:3      | Reached skill level 5 in Armour
  1510 | D:3      | Found a broken altar of Ashenzari.
  1632 | D:3      | Identified a scroll of acquirement
  1633 | D:3      | Acquired the ring of Koroulogh {rElec rPois Str+6 Slay+2
                  | Stlth+}
  1720 | D:4      | Reached XP level 6. HP: 42/55 MP: 6/6
  2276 | D:4      | Noticed Edmund
  2291 | D:4      | Killed Edmund
  2292 | D:4      | Reached skill level 4 in Axes
  2600 | D:5      | Entered Level 5 of the Dungeon
  2621 | D:5      | Noticed an ice beast
  2622 | D:5      | Found a snail-covered altar of Cheibriados.
  2633 | D:5      | Killed an ice beast
  2634 | D:5      | Reached XP level 7. HP: 57/63 MP: 7/7
  2835 | D:5      | Found a shimmering blue altar of Sif Muna.
  2995 | D:5      | Reached skill level 5 in Axes
  3211 | D:5      | Found a bloodstained altar of Trog.
  3433 | D:5      | Reached XP level 8. HP: 33/71 MP: 8/8
  3453 | D:5      | Reached skill level 6 in Axes
  3453 | D:5      | Reached skill level 5 in Shields
  3705 | D:5      | Identified the +7 dagger of Abuse {pain, rElec rPois rC++
                  | Str-5}
  3835 | D:6      | Reached skill level 5 in Fighting
  3845 | D:6      | HP: 2/71 [hound (5)]
  3846 | D:6      | Reached skill level 7 in Axes
  3855 | D:6      | Reached XP level 9. HP: 44/79 MP: 9/9
  4225 | D:6      | Found a runed translucent door.
  4226 | D:6      | Noticed Crazy Yiuf
  4467 | D:6      | Killed Crazy Yiuf
  4545 | D:7      | Noticed Maggie
  4560 | D:7      | Killed Maggie
  4562 | D:7      | Found a staircase to the Ecumenical Temple.
  4615 | D:7      | Reached skill level 8 in Axes
  4668 | D:7      | Identified the +2 buckler "Ziveny" {Harm Str+5 Int+3
                  | Stlth-}
  5119 | D:7      | Found a shadowy altar of Dithmenos.
  5157 | D:7      | Reached skill level 9 in Axes
  5157 | D:7      | Reached XP level 10. HP: 53/88 MP: 10/10
  5440 | Temple   | Entered the Ecumenical Temple
  5504 | Temple   | Became a worshipper of Gozag Ym Sagoz the Greedy
  6277 | D:8      | Found a burning altar of Makhleb.
  6287 | D:8      | Noticed Maurice
  6299 | D:8      | Killed Maurice
  7716 | D:9      | Reached skill level 10 in Axes
  8071 | D:9      | Noticed a two-headed ogre
  8076 | D:9      | Killed a two-headed ogre
  8077 | D:9      | Reached XP level 11. HP: 42/98 MP: 11/11
  8421 | D:9      | HP: 2/98 [efreet/+2 scimitar of flaming (15)]
  8421 | D:9      | Slain by an efreet

Illustrated notes

Levels and vault maps discovered:
D:1:      dpeg_arrival_stonehenge_8_columns, layout_rooms, serial_shops, shop,
          basic_ecumenical_altar, kennysheep_minor_cross
D:2:      layout_loops_cross, minmay_liquid_box, uniq_jessica, uniq_natasha
D:3:      layout_basic, evilmike_ruin_ashenzari
D:4:      layout_loops_corners, uniq_edmund
D:5:      layout_basic, cheibriados_altar_1, lightli_temple_of_fire,
          overflow_temple_1_default, dilly_guarded_unrand_morg
D:6:      layout_basic, uniq_crazy_yiuf_cottage
D:7:      layout_cave_pools, nicolae_dithmenos_shadow_blocks,
          minmay_temple_entry_sparse_star, uniq_maggie
D:8:      layout_layer_cave, mainiacjoe_overflow_boulevard, blue_anna_alchemist,
          uniq_maurice
D:9:      wad_cavern_with_rooms, layout_long_grid, fedhas_altar_4
Temple:   dshaligram_water_room_temple

Skill      XL: |  1  2  3  4  5  6  7  8  9 10 |
---------------+-------------------------------+-----
Armour         | 4 5 6 7 8 9 |  9.9
Fighting       | 3 4 5 6 7 |  7.0
Axes           | 2 3 4 5 7 9 10 | 10.5
Shields        | 4 5 6 7 |  7.1

Action                     |  1- 3 |  4- 6 |  7- 9 | 10-12 || total
---------------------------+-------+-------+-------+-------++-------
  Melee: War axe           |    77 |   181 |   110 |       ||   368
         Tailslap          |     7 |    16 |    17 |    23 ||    63
         Broad axe         |       |       |    53 |   126 ||   179
    Use: Scroll            |     1 |     8 |     1 |     6 ||    16
         Potion            |       |       |     2 |       ||     2
 Armour: Chain mail        |    41 |   112 |   174 |    52 ||   379
         Scale mail        |    11 |       |       |       ||    11
  Dodge: Dodged            |    21 |    49 |   100 |    61 ||   231
  Block: Buckler           |     9 |    29 |    49 |    31 ||   118
         Kite shield       |       |       |     8 |       ||     8
